 Dungeon Crawl Stone Soup version 0.30-a0-305-g026cb31310 (webtiles) character file.

Game seed: 1012127898769485582

250 byup the Covert (level 5, 0/30 HPs)
             Began as a Vampire Brigand on Oct 22, 2022.
             Slain by a black bear (1 damage)
             ... on level 3 of the Dungeon.
             The game lasted 00:23:44 (2940 turns).

byup the Covert (Vampire Brigand)                   Turns: 2940, Time: 00:23:45

Health: 0/30       AC:  3    Str: 10    XL:     5   Next: 88%
Magic:  5/5        EV: 12    Int: 14    God:
Gold:   169        SH:  0    Dex: 17    Spells: 4/4 levels left

rFire   . . .      SeeInvis +    a - +2 dagger
rCold   + + .      Faith    .    (no shield)
rNeg    + + +      Spirit   .    b - +0 robe
rPois   ∞          Reflect  .    (no helmet)
rElec   .          Harm     .    c - +0 cloak
rCorr   .          Rampage  .    (no gloves)
Will    .....                    (no boots)
Stlth   ++++++....               (no amulet)
HPRegen 0.00/turn                n - ring of flight
MPRegen 0.09/turn                (no ring)

@: flying, bloodless, inhibited regen
A: bloodless, fangs 3, see invisible, vampiric 2
a: Bat Form, Revivify


You were on level 3 of the Dungeon.
You visited 1 branch of the dungeon, and saw 4 of its levels.

You collected 169 gold pieces.

Inventory:

Hand Weapons
 a - a +2 dagger (weapon)
Missiles
 d - 3 poisoned darts
 e - 3 curare-tipped darts
Armour
 b - a +0 robe (worn)
 c - a +0 cloak (worn)
 o - a +0 pair of gloves
Jewellery
 n - a ring of flight (left hand)
Wands
 r - a wand of charming (5) (quivered)
Scrolls
 h - a scroll of enchant weapon {unknown}
 i - 2 scrolls of identify {unknown}
 j - a scroll of fog {unknown}
 k - a scroll of noise {unknown}
 l - a scroll of teleportation {unknown}
 q - a scroll of vulnerability {unknown}
 s - a scroll of blinking {unknown}
 t - a scroll of magic mapping {unknown}
Potions
 f - 2 potions of cancellation {unknown}
 g - 4 potions of curing {unknown}
 m - a potion of degeneration {unknown}
 p - a potion of haste {unknown}


   Skills:
 + Level 2.0 Fighting
 + Level 3.7 Short Blades
 + Level 2.0 Throwing
 + Level 1.9 Dodging
 * Level 9.3 Stealth


You had 4 spell levels left.
You didn't know any spells.
Your spell library was empty.

Dungeon Overview and Level Annotations

Branches:
Dungeon (4/15)
 Temple: D:4-7

Altars:
Xom

Shops:
D:3 (


Innate Abilities, Weirdness & Mutations

You do not regenerate when monsters are visible.
You are frail without blood (-20% HP).
You can heal yourself when you bite living creatures.
You are immune to poison.
You have razor-sharp teeth.
You have supernaturally acute eyesight. (SInv)
You are afflicted with vampirism and can become a bat while bloodless.


Message History

The hound bites you but does no damage.
A howler monkey comes into view.
The hound closely misses you.
You hit the black bear but do no damage.
The black bear is moderately wounded.
The black bear bites you. The black bear closely misses you.
The black bear barely misses you. The hound barely misses you.
The hound attacks as you move away! The hound closely misses you.
The howler monkey hoots and howls with incredible vigour!
There is a stone staircase leading up here.
You can't go down here!
The hound barely misses you. The black bear closely misses you.
The black bear claws you. The black bear closely misses you.
The hound bites you but does no damage.
You fly upwards.
There is a stone staircase leading down here.
Okay, then.
Aiming: Charm
Press: ? - help, Q - select action, (/) - cycle Shift-Dir - straight line, f - black bear
Aim: a black bear (moderately wounded, very poisoned, chance to affect: 49%)
The black bear resists with some effort.
The black bear bites you but does no damage.
The black bear barely misses you. The black bear claws you.
* * * LOW HITPOINT WARNING * * *
The hound bites you.
* * * LOW HITPOINT WARNING * * *
Aiming: Charm
Press: ? - help, Q - select action, (/) - cycle Shift-Dir - straight line, f - hound, p - black bear
Aim: a hound (chance to affect: 57%)
The hound is charmed.
The black bear barely misses you. x3
You barely miss the black bear.
The black bear is heavily wounded.
The black bear closely misses you. The black bear claws you.
* * * LOW HITPOINT WARNING * * *
The black bear barely misses you.
You barely miss the black bear.
The black bear is heavily wounded.
The black bear bites you.
You die...

#............#.# #....##
######.........# #......
#..<.....######......
#.##.........##......
#........#...##......
#....#.#.#..........#
###.#...#.##.........#
#....##.#....##......#
#.#.h@h.#####....#####
#.#.###...........####
#.#...#'#####.#.......
#.#...........#...####
#.#...........#...# #.
#.#...........##.## #.
#####.#...........##.# #.
#.........#.#####.##.# #.
#.###.##....#.....##.####.


You could see a black bear (poisoned, ally target) and a friendly hound
(charmed).

Vanquished Creatures
  Sigmund (D:3)
  4 gnolls (D:2)
  2 dart slugs
  8 ball pythons
  6 endoplasms
  4 hobgoblins
  4 kobolds
  A quokka (D:3)
  6 bats
  4 frilled lizards
  6 goblins
  7 rats
53 creatures vanquished.

Notes
Turn   | Place    | Note
-------+----------+-------------------------------------------
     0 | D:1      | byup the Vampire Brigand began the quest for the Orb.
     0 | D:1      | Reached XP level 1. HP: 16/16 MP: 1/1
   163 | D:1      | Reached skill level 6 in Stealth
   248 | D:1      | Reached XP level 2. HP: 13/17 MP: 2/2
  1159 | D:2      | Gained mutation: You are afflicted with vampirism and can
                  | become a bat while bloodless. [Vampire growth]
  1159 | D:2      | Reached XP level 3. HP: 21/21 MP: 3/3
  1217 | D:2      | Found a shimmering altar of Xom.
  1284 | D:2      | Reached skill level 7 in Stealth
  1661 | D:2      | Reached XP level 4. HP: 26/26 MP: 4/4
  2144 | D:3      | Found Yhychar's Antique Weapon Boutique.
  2378 | D:3      | Noticed Sigmund
  2397 | D:3      | Killed Sigmund
  2398 | D:3      | Reached skill level 9 in Stealth
  2398 | D:3      | Reached XP level 5. HP: 30/30 MP: 5/5
  2923 | D:4      | Noticed a black bear
  2939 | D:3      | HP: 1/30 [black bear (2)]
  2940 | D:3      | Slain by a black bear

Illustrated notes

Levels and vault maps discovered:
D:1:      dpeg_arrival_simpleton_a, layout_loops_ring, minmay_tripent
D:2:      layout_basic, basic_altar, chequers_serial_rivers_small_3,
          nicolae_hexahallways, chequers_hall_statues_y
D:3:      layout_basic, serial_shops, shop, minivault_24,
          minmay_misc_feat_cross, uniq_sigmund
D:4:      minmay_razor_zed, layout_basic, trog_hazing_becter,
          kiku_gazebo_garden_becter, serial_shops, kennysheep_mini_moat

Skill      XL: |  1  2  3  4 |
---------------+-------------+-----
Stealth        | 6 7 9 |  9.3
Short Blades   | 3 |  3.7
Fighting       | 2 |  2.0
Throwing       | 2 |  2.0
Dodging        | |  1.9

Action                   |  1- 3 |  4- 6 || total
-------------------------+-------+-------++-------
Melee: Dagger            |    65 |    36 ||   101
       Bite              |     7 |     3 ||    10
Throw: Dart              |     5 |    12 ||    17
 Abil: Exsanguinate      |     1 |       ||     1
Evoke: Wand              |       |     2 ||     2
 Stab: Sleeping          |    19 |     9 ||    28
       Distracted        |     1 |       ||     1
Armor: Robe              |     6 |     5 ||    11
Dodge: Dodged            |    15 |    27 ||    42

Table legend: (Time is in decaauts)
 A = Elapsed time spent in this place.
 B = Non-inter-level travel time spent in this place.
 C = Inter-level travel time spent in this place.
 D = Time resting spent in this place.
 E = Time spent auto-exploring this place.
 F = Levels seen in this place.
 G = Mean time per level.
                   A        B        C        D        E       F      G
               +--------+--------+--------+--------+--------+-----+--------+
         Total |   2926 |   2871 |     55 |    200 |   1009 |   4 |  731.5 |
       Dungeon |   2926 |   2871 |     55 |    200 |   1009 |   4 |  731.5 |
               +--------+--------+--------+--------+--------+-----+--------+

Top non-repeatable levels by time:
     D:1: 1094 daAuts
     D:2: 1017 daAuts
     D:3: 802 daAuts
     D:4: 11 daAuts
